 Dungeon Crawl Stone Soup version 0.32-a0-913-g739538afd8 (webtiles) character file.

Game seed: 13191668758721615423

114 Cancer the Digger (level 4, -6/24 HPs)
             Began as a Gargoyle Earth Elementalist on Apr 9, 2024.
             Killed from afar by an orc wizard (12 damage)
             ... with a puff of flame
             ... on level 3 of the Dungeon.
             The game lasted 00:03:20 (1963 turns).

Cancer the Digger (Gargoyle Earth Elementalist)     Turns: 1963, Time: 00:03:20

Health: -6/24      AC:  5    Str: 12    XL:     4   Next: 98%
Magic:  8/8        EV: 11    Int: 17    God:
Gold:   187        SH:  0    Dex: 10    Spells: 8/9 levels left

rFire   . . .        o - staff of conjuration
rCold   + . .        (no shield)
rNeg    + . .        a - +0 robe
rPois   ∞            (no helmet)
rElec   +            (no cloak)
rCorr   .            (no gloves)
SInv    .            (no boots)
Will    .....        j - amulet of magic regeneration
Stlth   ++           k - ring of protection from cold
HPRegen 0.24/turn    r - ring of flight
MPRegen 0.51/turn

%: no passive effects
@: flying
A: sickness immunity, AC +3, negative energy resistance 1, electricity
resistance, torment resistance 1, petrification resistance
a: no special abilities


You were on level 3 of the Dungeon.
You visited 1 branch of the dungeon, and saw 4 of its levels.

You collected 187 gold pieces.

Inventory:

Armour
 a - a +0 robe (worn)
Magical Staves
 o - a staff of conjuration (weapon)
Jewellery
 j - an amulet of magic regeneration (around neck)
 k - a ring of protection from cold (left hand)
 r - a ring of flight (right hand)
Wands
 p - a wand of digging (7)
Scrolls
 d - a scroll of identify {unknown}
 h - a scroll of revelation {unknown}
 i - a scroll of blinking {unknown}
 l - 2 scrolls of vulnerability {unknown}
 s - a scroll of amnesia {unknown}
 t - a scroll of brand weapon {unknown}
Potions
 b - 2 potions of magic
 c - a potion of attraction {unknown}
 e - 2 potions of lignification {unknown}
 f - a potion of mutation {unknown}
 g - 2 potions of degeneration {unknown}
 m - 2 potions of curing {unknown}
 n - 2 potions of enlightenment {unknown}
 q - 2 potions of might {unknown}


   Skills:
 - Level 1.5 Dodging
 - Level 2.1 Stealth
 + Level 3.1 Spellcasting
 + Level 3.0 Conjurations
 + Level 4.8 Earth Magic


You had 8 spell levels left.
You knew the following spells:

 Your Spells              Type           Power      Damage    Failure   Level
a - Sandblast             Erth           38%        2d10      2%          1

Your spell library contained the following spells:

 Spells                   Type           Power      Damage    Failure   Level
 Passwall                 Erth           19%        N/A       7%          3
 Stone Arrow              Conj/Erth      46%        3d9       11%         3
 Brom's Barrelling Bould  Conj/Erth      23%        2d4       34%         4
 Summon Ice Beast         Ice/Summ       2%         N/A       45%         3
 Petrify                  Alch/Erth      10%        N/A       54%         4
 Summon Mana Viper        Hex/Summ       2%         N/A       99%         5
 Monstrous Menagerie      Summ           1%         N/A       100%        7


Dungeon Overview and Level Annotations

Branches:
Dungeon (4/15)
 Temple: D:4-7

Altars:
Ashenzari
Kikubaaqudgha


Innate Abilities, Weirdness & Mutations

You are immune to sickness and miasma.
Your stone body is resilient. (AC +3)
You are immune to poison.
You resist negative energy. (rN+)
You are resistant to electric shocks. (rElec)
You are resistant to unholy torment.
You are immune to petrification.


Message History

The magic dart hits you.
You hear some strange, mumbled words.
You are confused.
You're too confused to cast spells.
Sorry, you're not good enough to have a special ability.
Unknown command.
Unknown command.
Something hits you but does no damage.
You closely miss something. Something hits you but does no damage.
Something hits you.
You bump into the rock wall.
Something hits you but does no damage. Something hits you.
You feel less confused. Something hits you but does no damage.
You hear some strange, mumbled words.
A puff of flame appears from out of thin air!
The puff of flame hits you.
* * * LOW HITPOINT WARNING * * *
Casting: Sandblast (safe; 2% risk of failure)
Confirm with . or Enter, or press ? or * to list all spells.
Aiming: Sandblast (safe; 2% risk of failure)
Press: ? - help, Shift-Dir - straight line, f - you
Okay, then.
You hear some strange, mumbled words.
You are confused.
You bump into the rock wall.
You bump into the rock wall.
Reactivating autopickup.
An orc wizard appears from thin air!
You bump into the rock wall.
The orc wizard hits you with a +0 dagger.
* * * LOW HITPOINT WARNING * * *
You feel less confused.
The orc wizard mumbles some strange words.
The orc wizard flickers and vanishes!
Deactivating autopickup; reactivate with Ctrl-A.
A puff of flame appears from out of thin air!
The puff of flame hits you!
Ouch! That really hurt!
You die...

#........# #.#
###.###..... #.#####..#
#.## #....##.÷#.# #.#
#..######..# #..........#
#.# #.......##.##
#.####...... #.#
##.####>#...####.# ##.....
#.### #.#
#..........#####.##.#
....# #.#
###..............##.#
....# #.#
##.#.###÷########.# ....#
#.#######@..........# #.#
....#
#.....{.........###.####.#
....####.#########.#####
#......#
###))............).#
########
##################


There were no monsters in sight!

Vanquished Creatures
  5 adders
  A dart slug (D:2)
  A ribbon worm (D:2)
  9 orcs
  3 ball pythons
  4 endoplasms
  A giant cockroach (D:1)
  6 goblins
  6 hobgoblins
  2 quokkas
  2 bats
  4 frilled lizards
  5 kobolds
  2 rats
51 creatures vanquished.

Notes
Turn   | Place    | Note
-------+----------+-------------------------------------------
     0 | D:1      | Cancer the Gargoyle Earth Elementalist began the quest for
                  | the Orb.
     0 | D:1      | Reached XP level 1. HP: 10/10 MP: 3/3
   456 | D:1      | Reached XP level 2. HP: 15/15 MP: 3/5
   600 | D:2      | Reached skill level 4 in Earth Magic
   680 | D:2      | Reached XP level 3. HP: 16/19 MP: 6/6
  1190 | D:3      | Reached XP level 4. HP: 21/24 MP: 8/8
  1460 | D:3      | Found a broken altar of Ashenzari.
  1488 | D:3      | Found an ancient bone altar of Kikubaaqudgha.
  1963 | D:3      | Killed from afar by an orc wizard

Illustrated notes

Levels and vault maps discovered:
D:1:      scummos_arrival_simple_crosswalls, layout_basic
D:2:      layout_rooms, chequers_serial_rivers_large_b,
          small_statue_intersection
D:3:      layout_loops_ring, mainiacjoe_overflow_two_lobes
D:4:      minmay_chambers_of_fours, layout_loops_ring,
          mainiacjoe_overflow_tiny_flanked, grunt_ministairs_14, minmay_rat_hole

Skill      XL: |  1  2  3  4 |
---------------+-------------+-----
Earth Magic    | 4 |  4.8
Conjurations   | 2 3 |  3.0
Spellcasting   | 3 |  3.1
Dodging        | |  1.5
Stealth        | |  2.1

Action                     |  1- 3 |  4- 6 || total
---------------------------+-------+-------++-------
  Melee: Unarmed           |     4 |       ||     4
         Staff             |     2 |    11 ||    13
   Cast: Sandblast         |    37 |    46 ||    83
 Armour: Robe              |    16 |    34 ||    50
  Dodge: Dodged            |    11 |    24 ||    35

Table legend: (Time is in decaauts)
 A = Elapsed time spent in this place.
 B = Non-inter-level travel time spent in this place.
 C = Inter-level travel time spent in this place.
 D = Time resting spent in this place.
 E = Time spent auto-exploring this place.
 F = Levels seen in this place.
 G = Mean time per level.
                   A        B        C        D        E       F      G
               +--------+--------+--------+--------+--------+-----+--------+
         Total |   2034 |   1936 |     98 |      0 |   1614 |   4 |  508.5 |
       Dungeon |   2034 |   1936 |     98 |      0 |   1614 |   4 |  508.5 |
               +--------+--------+--------+--------+--------+-----+--------+

Top non-repeatable levels by time:
     D:3: 830 daAuts
     D:1: 596 daAuts
     D:2: 596 daAuts
     D:4: 10 daAuts
